 Dungeon Crawl Stone Soup version 0.20-a0-957-g47ad1fd (webtiles) character file.

37 Patate the Sneak (level 3, 0/16 HPs)
             Began as a Spriggan Enchanter on Apr 5, 2017.
             Succumbed to an adder's poison
             ... on level 2 of the Dungeon.
             The game lasted 00:04:11 (1663 turns).

Patate the Sneak (Spriggan Enchanter)               Turns: 1663, Time: 00:04:11

Health: 0/16       AC:  2    Str:  4 (5)  XL:     3   Next: 21%
Magic:  8/8        EV: 18    Int: 16      God:
Gold:   79         SH:  0    Dex: 16      Spells: 4/7 levels left

rFire    . . .     SeeInvis +   a - +1 dagger
rCold    . . .     Gourm    .   (shield restricted)
rNeg     . . .     Faith    .   b - +0 robe
rPois    .         Spirit   .   (helmet restricted)
rElec    .         Reflect  .   (no cloak)
rCorr    .         Harm     .   (gloves unavailable)
MR       .....     Rnd*Rage +   (boots unavailable) Stlth +++.......Rnd*Tele +
                                (no amulet)
Regen    0.1/turn               (no ring)
MPRegen  0.2/turn               (no ring)

@: lethally poisoned (0 -> -4), flying, very quick
A: unfitting armour, see invisible, berserk 1, deterioration 1, herbivore 3,
speed 3, mutation resistance 1, slow metabolism 2, teleportitis 1
a: no special abilities


You were on level 2 of the Dungeon.
You were not hungry.

You visited 1 branch of the dungeon, and saw 2 of its levels.

You collected 79 gold pieces.

Inventory:

Hand Weapons
 a - a +1 dagger (weapon)
Armour
 b - a +0 robe (worn)
Scrolls
 f - a scroll of blinking {unknown}
 h - a scroll of fog {unknown}
 i - a scroll of teleportation {unknown}
 j - a scroll of remove curse {unknown}
 k - a scroll of identify {unknown}
 n - a scroll of amnesia {unknown}
Potions
 l - a potion of flight
Books
 c - a book of Maledictions

   Spells                             Type                      Level
   a - Corona                         Hexes                        1
   b - Ensorcelled Hibernation        Hexes/Ice                    2
   c - Confuse                        Hexes                        3
   d - Tukima's Dance                 Hexes                        3
   e - Dazzling Spray                 Conjuration/Hexes            3
Comestibles
 d - a bread ration
 m - a royal jelly


   Skills:
 - Level 1.1 Short Blades
 - Level 3.0 Dodging
 + Level 6.6 Stealth
 - Level 2.6 Spellcasting
 - Level 3.6 Hexes


You had 4 spell levels left.
You knew the following spells:

 Your Spells              Type           Power        Failure   Level  Hunger
a - Corona                Hex            ##.....      6%          1    #......
b - Ensorcelled Hibernat  Hex/Ice        #.....       17%         2    ##.....


Dungeon Overview and Level Annotations

Branches:
Dungeon (2/15)

Altars:


Innate Abilities, Weirdness & Mutations

You are very small and have problems with some larger weapons.
You are too small for most types of armour.
You have supernaturally acute eyesight. (SInv)
You are a herbivore.
You cover ground extremely quickly.
You need consume almost no food.
You tend to lose your temper in combat.
Your body sometimes deteriorates upon taking damage.
You are somewhat resistant to further mutation.
You are occasionally teleported next to monsters.


Message History

You hit the adder but do no damage. The adder barely misses you.
It was a potion of flight.
You feel very buoyant.
You fly up into the air.
The adder misses you.
It was a potion of mutation.
You feel extremely strange.
You feel weirdly uncertain.
You feel a little pissed off.
You feel yourself wasting away.
You feel genetically stable.
* * * LOW HITPOINT WARNING * * *
You feel sick. The adder bites you but does no damage.
The adder barely misses you.
It was a potion of magic.
Magic courses through your body. The adder bites you.
* * * LOW HITPOINT WARNING * * *
Your body deteriorates!
You feel weakened.
You miss the adder. The adder barely misses you.
You hit the adder.
The adder is moderately wounded.
The adder barely misses you.
You miss the adder.
The adder is moderately wounded.
You die...

.. ........ ..
....... .. ...... .
#. .##..#.##.. ...
........ ... ..... #
#.# #).#####.# #.#.#
#@.......# #.#.#
##.S......#
#.#.###.#.......#
#####.#..†..........#
........###.##.......
#####........#......#
.............#......#
#####.#.###..#.......
#.#.##...........


You could see an adder.

Vanquished Creatures
  An ooze (D:1)
  3 dart slugs
  3 goblins (D:1)
  A hobgoblin (D:1)
  4 jackals (D:2)
  A ball python (D:1)
  2 bats (D:1)
  6 kobolds
  4 rats
25 creatures vanquished.

Notes
Turn   | Place    | Note
-------+----------+-------------------------------------------
     0 | D:1      | Patate the Spriggan Enchanter began the quest for the Orb.
     0 | D:1      | Reached XP level 1. HP: 9/9 MP: 5/5
   392 | D:1      | Reached skill level 5 in Stealth
   499 | D:1      | Reached XP level 2. HP: 9/13 MP: 6/6
   503 | D:1      | Learned a level 2 spell: Ensorcelled Hibernation
  1349 | D:1      | Reached skill level 6 in Stealth
  1581 | D:2      | Reached XP level 3. HP: 15/16 MP: 8/8
  1659 | D:2      | Gained mutation: You are occasionally teleported next to monsters. [potion of mutation]
  1659 | D:2      | Gained mutation: You tend to lose your temper in combat. [potion of mutation]
  1659 | D:2      | Gained mutation: Your body sometimes deteriorates upon taking damage. [potion of mutation]
  1659 | D:2      | Gained mutation: You are somewhat resistant to further mutation. [potion of mutation]
  1663 | D:2      | Succumbed to an adder's poison

Vault maps used:
D:1:      dpeg_arrival_three_smaller_balls, serial_corexii_hall,
          corexii_hall_statues_s, corexii_hall_statues_l,
          corexii_hall_statues_t, corexii_hall_statues_x,
          corexii_hall_statues_i, corexii_hall_statues_l
D:2:      grunt_dithmenos_smoke, lemuel_crystal_altar, lemuel_old_faithful

Skill      XL: |  1  2 |
---------------+-------+-----
Stealth        | 5 6 |  6.6
Short Blades   | |  1.1
Dodging        | |  3.0
Spellcasting   | |  2.6
Hexes          | |  3.6

Action                   || total
-------------------------++-------
Melee: Dagger            ||   116
 Cast: Ensorcelled Hiber ||     4
  Use: Potion            ||     3
 Stab: Sleeping          ||     6
Armor: Robe              ||     7
Dodge: Dodged            ||    96
